 Dungeon Crawl Stone Soup version 0.21-a0-91-ga5031da (webtiles) character file.

4102 Lavandula the Bolt Thrower (level 10, -8/76 HPs)
             Began as a Mummy Arcane Marksman on June 29, 2017.
             Was an Initiate of Kikubaaqudgha.
             Mangled by a spiny frog (22 damage)
             ... on level 1 of the Lair of Beasts.
             The game lasted 00:57:56 (8034 turns).

Lavandula the Bolt Thrower (Mummy Arcane Marksman)  Turns: 8034, Time: 00:57:57

Health: -8/76      AC:  5    Str: 14    XL:     10   Next: 6%
Magic:  11/19      EV: 13    Int: 15    God:    Kikubaaqudgha [......]
Gold:   274        SH:  0    Dex: 13    Spells: 4/21 levels left

rFire    x . .     SeeInvis .   a - +1 hand crossbow (freeze)
rCold    + + .     Gourm    .   (no shield)
rNeg     + + +     Faith    .   m - +0 ring mail {rC+}
rPois    ∞         Spirit   .   (no helmet)
rElec    .         Reflect  .   u - +0 cloak
rCorr    .         Harm     .   p - -2 pair of gloves
MR       +....                  (no boots)
Stlth    +.........             (no amulet)
HPRegen  0.22/turn              Q - ring of wizardry
MPRegen  0.16/turn              K - ring of wizardry

@: very slightly contaminated, heavily drained
A: no food or potions, fire vulnerability, cold resistance 1, negative energy
resistance 3, torment resistance, unbreathing
a: Renounce Religion


You were on level 1 of the Lair of Beasts.
You worshipped Kikubaaqudgha.
Kikubaaqudgha was noncommittal.
You were not hungry.

You visited 3 branches of the dungeon, and saw 10 of its levels.
You also visited: Labyrinth.

You collected 274 gold pieces.

Inventory:

Hand Weapons
 a - a +1 hand crossbow of freezing (weapon)
 b - a +0 demon blade of electrocution
 g - a +0 hunting sling
 i - a +0 quarterstaff
 j - a +0 blowgun
 l - a +0 morningstar
 n - a +0 dagger
 D - a +0 rapier of venom
 P - a +0 eveningstar
Missiles
 t - 38 poisoned needles
 C - 35 sling bullets
Armour
 e - a +0 robe
 k - a +0 leather armour
 m - a +0 ring mail of cold resistance (worn)
 p - a -2 pair of gloves (worn)
 u - a +0 cloak (worn)
 J - a +1 helmet of see invisible
Magical Staves
 q - an uncursed staff of conjuration
Jewellery
 h - an uncursed amulet of harm
 w - an uncursed ring of stealth
 x - an uncursed amulet of rage
 y - an uncursed ring of fire
 K - a ring of wizardry (right hand)
 L - an uncursed ring of fire
 Q - a ring of wizardry (left hand)
Wands
 v - a wand of iceblast (4/15)
 A - a wand of disintegration (7/24)
 F - a wand of lightning (9/15)
 G - a wand of random effects (13/48)
 M - a wand of confusion (0/48)
 N - a wand of lightning (9/15)
 O - a wand of random effects (28/48)
Scrolls
 o - a scroll of remove curse
 r - a scroll of magic mapping
 z - 3 scrolls of enchant armour {unknown}
 B - a scroll of recharging {unknown}
 E - a scroll of vulnerability {unknown}
 H - a scroll of fog {unknown}
Books
 c - a book of Debilitation

   Spells                             Type                      Level
   a - Corona                         Hexes                        1
   b - Slow                           Hexes                        2
   c - Inner Flame                    Hexes/Fire                   3
   d - Portal Projectile              Hexes/Translocation          3
   e - Cause Fear                     Hexes                        4
   f - Leda's Liquefaction            Hexes/Earth                  4
 f - a book of Cantrips

   Spells                             Type                      Level
   a - Confusing Touch                Hexes                        1
   b - Animate Skeleton               Necromancy                   1
   c - Summon Small Mammal            Summoning                    1
   d - Apportation                    Translocation                1
 I - a book of Unlife

   Spells                             Type                      Level
   a - Recall                         Summoning/Translocation      3
   b - Animate Dead                   Necromancy                   4
   c - Control Undead                 Necromancy                   4
   d - Cigotuvi's Embrace             Necromancy                   5
   e - Death Channel                  Necromancy                   6
   f - Simulacrum                     Ice/Necromancy               6


   Skills:
 - Level 6.0(4.8) Fighting
 - Level 6.5(5.3) Crossbows
 - Level 2.7(1.6) Throwing
 - Level 6.2(4.9) Dodging
 - Level 6.3(5.0) Spellcasting
 - Level 2.6(1.5) Hexes
 + Level 2.7(1.6) Necromancy
 - Level 3.0(1.9) Evocations


You had 4 spell levels left.
You knew the following spells:

 Your Spells              Type           Power        Failure   Level  Hunger
a - Corona                Hex            #......      4%          1    N/A
b - Slow                  Hex            #.......     7%          2    N/A
c - Cause Fear            Hex            #.........   38%         4    N/A
d - Animate Skeleton      Necr           N/A          4%          1    N/A
e - Animate Dead          Necr           N/A          38%         4    N/A
f - Control Undead        Necr           #.........   38%         4    N/A
g - Apportation           Tloc           #.....       9%          1    N/A

Dungeon Overview and Level Annotations

Branches:
Dungeon (8/15)             Temple (1/1) D:7            Lair (1/6) D:8

Altars:
Cheibriados
Dithmenos
Hepliaklqana
Kikubaaqudgha
Makhleb
Nemelex Xobeh
Okawaru
Ru
Trog
Vehumet
Yredelemnul
Zin
The Shining One

Shops:
D:6 (   D:7 *

Annotations:
D:3 dricus's ghost, amateur DsAK
D:5 exclusion: centaur
Lair:1 exclusion: oklob plant


Innate Abilities, Weirdness & Mutations

You do not eat or drink.
Your flesh is vulnerable to fire.
You are immune to poison.
Your flesh is cold resistant. (rC+)
You are immune to negative energy. (rN+++)
You are immune to unholy pain and torment.
You can survive without breathing.


Message History

You're wearing all the rings you can.
Remove which one? (? for menu, Esc to cancel) < or
w - a ring of stealth; > or
K - a ring of wizardry You remove your ring of stealth.
The spiny frog stings you!
Q - a ring of wizardry (left hand)
Casting: Corona
Confirm with . or Enter, or press ? or * to list all spells.
You miscast Cause Fear.
You are very lightly contaminated with residual magic.
Your skin glows momentarily.
The spiny frog misses you.
Unknown command.
Casting: Cause Fear
Confirm with . or Enter, or press ? or * to list all spells.
You miscast Cause Fear.
You hear an indistinct dissonance whispering inside your mind.
The spiny frog stings you!!
* * * LOW HITPOINT WARNING * * *
The spiny frog stings you!!
You die...
Kikubaaqudgha rasps: "You have failed me!
Welcome... oblivion!"

,,,,,,##<........,....,,,**,,**,,
*,,,,,#.....#........#,,,**,,,,,,
*,,,,,##.............#,,,**,,,,,*
*,,,,,##.............#,,,**,,,,,,
*****,#.....#........#,.,***,,**,
########....#####.#.##(.,,***,*,*
.....................(.?,,,,,,,,,
........................,,,,,,,,,
................@.......,,,,,,,,,
.................F(.....,,,,,,,,,
................".......,,*,*****
########...........(....,,*** *
#............((..,,****** * ****
#....####.###.#(.,,,,+,,* *
#,,*##....####..####*.,,***,,** *
#..##.....##.......##,,,***,,,* *
#.........##.......P#,,,,**,,**


You could see a spiny frog.

Vanquished Creatures
  A minotaur (Lab)
  A hippogriff (D:7)
  Eustachio (D:4)
  Menkaure (D:7)
  A water moccasin (Lair:1)
  Duvessa (D:7)
  A porcupine (Lair:1)
  2 hell hounds (D:8)
  A sky beast (D:5)
  An orc warrior (D:7)
  An ice beast (D:5)
  3 ogres
  2 centaurs (D:5)
  2 phantoms
  7 bullfrogs
  A wyvern zombie (D:6)
  A water moccasin zombie (D:5)
  Dowan (D:7)
  A howler monkey (D:6)
  4 crimson imps
  A bullfrog zombie (D:7)
  2 hounds
  4 orc priests (D:6)
  2 centaur skeletons
  A gnoll shaman (D:4)
  3 iguanas
  2 orc wizards (D:6)
  4 worker ants
  A hound zombie (D:5)
  A hound skeleton (D:7)
  6 adders
  8 gnolls
  An ooze (D:5)
  An adder skeleton (D:7)
  3 worms
  2 leopard geckos (D:7)
  16 orcs
  5 bats
  2 giant cockroaches
  3 goblins
  5 hobgoblins
  4 jackals (D:8)
  5 kobolds
  4 quokkas
  A ball python (D:4)
  3 frilled lizards
  A jackal skeleton (D:4)
  A quokka skeleton (D:5)
  A rat (D:2)
127 creatures vanquished.

Vanquished Creatures (others)
  A fungus (Lair:1)
  5 plants (Lair:1)
6 creatures vanquished.

Grand Total: 133 creatures vanquished

Notes
Turn   | Place    | Note
-------+----------+-------------------------------------------
     0 | D:1      | Lavandula the Mummy Arcane Marksman began the quest for the Orb.
     0 | D:1      | Reached XP level 1. HP: 15/15 MP: 2/2
   100 | D:2      | Reached XP level 2. HP: 19/21 MP: 2/4
   108 | D:2      | Learned a level 2 spell: Slow
   713 | D:3      | Reached XP level 3. HP: 12/26 MP: 3/5
  1139 | D:3      | Noticed dricus's ghost (amateur DsAK)
  1284 | D:5      | Entered Level 5 of the Dungeon
  1306 | D:6      | Noticed a sky beast
  1319 | D:4      | Noticed Eustachio
  1525 | D:2      | Reached XP level 4. HP: 32/32 MP: 4/6
  2215 | D:4      | Found a snail-covered altar of Cheibriados.
  2399 | D:4      | Killed Eustachio
  2399 | D:4      | Reached XP level 5. HP: 36/38 MP: 7/7
  2399 | D:4      | Reached XP level 6. HP: 41/44 MP: 8/8
  3001 | D:4      | You fall through a shaft for 2 floors!
  3191 | D:6      | Reached XP level 7. HP: 52/52 MP: 7/9
  3390 | D:5      | Learned a level 1 spell: Apportation
  3392 | D:5      | Learned a level 1 spell: Animate Skeleton
  3622 | D:5      | Reached skill level 5 in Fighting
  3973 | D:5      | Reached skill level 1 in Evocations
  3973 | D:5      | Reached XP level 8. HP: 58/64 MP: 8/10
  4579 | D:5      | Reached skill level 5 in Crossbows
  4948 | D:7      | Noticed Menkaure
  4999 | D:6      | Found Foagret's Weapon Shop.
  5408 | D:7      | Reached XP level 9. HP: 69/69 MP: 11/11
  5462 | D:7      | Found a staircase to the Ecumenical Temple.
  5466 | D:7      | Noticed Dowan
  5469 | D:7      | Noticed Duvessa
  5474 | D:7      | Killed Dowan
  5515 | D:7      | Killed Duvessa
  5515 | D:7      | Reached skill level 5 in Dodging
  5519 | Temple   | Entered the Ecumenical Temple
  5529 | Temple   | Became a worshipper of Kikubaaqudgha
  5601 | D:7      | Found Waaqeed's Elemental Accessories.
  5818 | D:7      | Killed Menkaure
  6131 | D:8      | Found a staircase to the Lair.
  6194 | D:8      | Learned a level 4 spell: Cause Fear
  6196 | Lair:1   | Entered Level 1 of the Lair of Beasts
  6235 | Lair:1   | Found a labyrinth entrance.
  6242 | Lab      | Entered a labyrinth
  7001 | Lab      | Noticed a minotaur
  7433 | Lab      | Killed a minotaur
  7439 | Lab      | Learned a level 4 spell: Animate Dead
  7498 | Lair:1   | Learned a level 4 spell: Control Undead
  7525 | Lair:1   | Noticed an oklob plant
  7525 | Lair:1   | Noticed a spiny frog
  7526 | Lair:1   | Noticed a spiny frog
  7533 | Lair:1   | Noticed a spiny frog
  7552 | Lair:1   | Noticed a spiny frog
  7793 | Lair:1   | Reached skill level 1 in Necromancy
  7812 | Lair:1   | Reached XP level 10. HP: 40/76 MP: 16/19
  7941 | Lair:1   | Noticed an eight-headed hydra
  8022 | Lair:1   | Noticed a spiny frog
  8034 | Lair:1   | Mangled by a spiny frog

Vault maps used:
D:1:      dpeg_arrival_pits, minmay_pentomino_o2
D:2:      uniq_crazy_yiuf_cottage
D:4:      old_standard_altar, first_bread, uniq_eustachio
D:6:      serial_shops, nicolae_shop_behind_doors
D:7:      temple_pool_b, nicolae_elemental_shop, uniq_menkaure, uniq_duvessa
D:8:      minmay_lair_entry_lava, basic_altar
Temple:   grunt_wide_crystal_templ
Lair:1:   lab_entry_generic, guppyfry_lair_drakes, grunt_megastairs_5,
          minmay_lair_oklob_chamber
Lab:      nicolae_lab_dead_adventurers, nicolae_lab_checkerboard,
          labyrinth_skeletal_remains, nicolae_lab_do_over

Skill      XL: |  1  2  3  4  5  6  7  8  9 |
---------------+----------------------------+-----
Crossbows      | 2 3 4 6 |  6.5
Throwing       | 2 |  2.7
Fighting       | 3 6 |  6.0
Dodging        | 3 4 6 |  6.2
Evocations     | 1 3 |  3.0
Spellcasting   | 6 |  6.3
Necromancy     | 2 |  2.7
Hexes          | |  2.6

Action                   |  1- 3 |  4- 6 |  7- 9 | 10-12 || total
-------------------------+-------+-------+-------+-------++-------
Melee: Quarterstaff      |    16 |    19 |    37 |       ||    72
       Unarmed           |     1 |       |       |       ||     1
 Fire: Hand crossbow     |    64 |    47 |   253 |    12 ||   376
       Blowgun           |       |    23 |    50 |       ||    73
       Hunting sling     |       |       |     8 |       ||     8
Throw: Stone             |       |     5 |     3 |       ||     8
 Cast: Corona            |    28 |    25 |    42 |     2 ||    97
       Slow              |     2 |     1 |     6 |       ||     9
       Apportation       |       |       |    16 |       ||    16
       Animate Skeleton  |       |       |     3 |       ||     3
Evoke: Wand              |       |       |    23 |     3 ||    26
  Use: Scroll            |     2 |     5 |     7 |       ||    14
Armor: Robe              |     4 |       |       |       ||     4
       Ring mail         |    32 |    17 |    55 |     2 ||   106
Dodge: Dodged            |    73 |    36 |   115 |     9 ||   233
